 Dungeon Crawl Stone Soup version 0.20-a0-1126-g0f15420 (webtiles) character file.

298 HAL9000 the Slasher (level 6, 0/35 HPs)
             Began as a Gargoyle Gladiator on May 17, 2017.
             Was a Believer of Uskayaw.
             Slain by HAL9000's ghost (9 damage)
             ... on level 3 of the Dungeon.
             The game lasted 00:04:46 (1645 turns).

HAL9000 the Slasher (Gargoyle Gladiator)            Turns: 1645, Time: 00:04:47

Health: 0/35       AC:  8    Str: 19    XL:     6   Next: 36%
Magic:  4/6        EV: 12    Int:  9    God:    Uskayaw [**....]
Gold:   56         SH:  0    Dex: 11    Spells: 5/5 levels left

rFire    + . .     SeeInvis .   a - +0 long sword
rCold    . . .     Gourm    .   (no shield)
rNeg     + + .     Faith    .   b - +0 leather armour
rPois    ∞         Spirit   .   c - +0 helmet
rElec    +         Reflect  .   (no cloak)
rCorr    .         Harm     .   (no gloves)
MR       .....                  (no boots)
Stlth    +.........             (no amulet)
Regen    0.2/turn               q - ring of positive energy
MPRegen  0.1/turn               j - ring of protection from fire

@: no status effects
A: negative energy resistance 1, electricity resistance, unbreathing,
petrification resistance, rot immunity, AC +4
a: Stomp, Line Pass, Renounce Religion


You were on level 3 of the Dungeon.
You worshipped Uskayaw.
Uskayaw was noncommittal.
You were not hungry.

You visited 1 branch of the dungeon, and saw 3 of its levels.

You collected 56 gold pieces.

Inventory:

Hand Weapons
 a - a +0 long sword (weapon)
Missiles
 d - 3 throwing nets
 k - 10 tomahawks (quivered)
Armour
 b - a +0 leather armour (worn)
 c - a +0 helmet (worn)
Jewellery
 g - an uncursed ring of positive energy
 j - a ring of protection from fire (right hand)
 q - a ring of positive energy (left hand)
Wands
 y - a wand of flame (33/48)
Scrolls
 i - a scroll of identify {unknown}
 m - a scroll of enchant armour {unknown}
 s - a scroll of blinking {unknown}
 z - a scroll of noise {unknown}
 A - a scroll of fear {unknown}
 C - a scroll of magic mapping {unknown}
 D - a scroll of remove curse {unknown}
Potions
 l - a potion of haste {unknown}
 n - a potion of flight {unknown}
 o - a potion of might {unknown}
 p - 2 potions of cancellation {unknown}
 r - a potion of invisibility {unknown}
 v - 2 potions of curing {unknown}
Comestibles
 f - 3 bread rations
 t - a meat ration
 w - 5 fruits


   Skills:
 - Level 2.1 Fighting
 + Level 6.3 Long Blades
 - Level 1.7 Throwing
 - Level 2.4 Dodging


You had 5 spell levels left.
You didn't know any spells.

Dungeon Overview and Level Annotations

Branches:
Dungeon (3/15)

Altars:
Uskayaw

Annotations:
D:3 HAL9000's ghost, amateur OgHu


Innate Abilities, Weirdness & Mutations

You are resistant to torment.
Your stone body is resilient. (AC +4)
You are immune to poison.
You resist negative energy. (rN+)
You are resistant to electric shocks. (rElec)
You can survive without breathing.
You are immune to petrification.
You are immune to rotting.


Message History

HAL9000's ghost is severely damaged.
You closely miss HAL9000's ghost.
HAL9000's ghost is severely damaged.
HAL9000's ghost hits you but does no damage.
You barely miss HAL9000's ghost.
HAL9000's ghost is severely damaged.
HAL9000's ghost hits you!
* * * LOW HITPOINT WARNING * * *
You slash HAL9000's ghost!
HAL9000's ghost is almost destroyed.
HAL9000's ghost barely misses you.
You hit HAL9000's ghost.
HAL9000's ghost is almost destroyed.
HAL9000's ghost hits you.
* * * LOW HITPOINT WARNING * * *
You closely miss HAL9000's ghost.
HAL9000's ghost is almost destroyed.
HAL9000's ghost grins evilly.
HAL9000's ghost hits you!
You die...

........................
######.################
#######.################
........................
########.###############.
................ #....#.
######.#.####### #.##.#.
........>...... #.#..#.
#####.#@####### #.#..).
#.#W# #.#..#. #....
#.#..#. ...... #.#..#.
#...... #.#..#[ #.#.....
#.#..#. #.#...... #.####.
#.#....... #......
........


You could see HAL9000's ghost.

Vanquished Creatures
  Sigmund (D:2)
  4 gnolls (D:3)
  2 adders
  An ooze (D:3)
  A worm (D:2)
  A leopard gecko (D:1)
  8 orcs (D:3)
  2 ball pythons
  A giant cockroach (D:1)
  10 goblins
  5 hobgoblins
  8 jackals (D:1)
  5 kobolds
  3 quokkas
  3 bats (D:1)
  2 frilled lizards
  8 rats
65 creatures vanquished.

Vanquished Creatures (others)
  A quokka (D:2)
1 creature vanquished.

Grand Total: 66 creatures vanquished

Notes
Turn   | Place    | Note
-------+----------+-------------------------------------------
     0 | D:1      | HAL9000 the Gargoyle Gladiator began the quest for the Orb.
     0 | D:1      | Reached XP level 1. HP: 12/12 MP: 1/1
    67 | D:1      | Reached skill level 3 in Long Blades
    71 | D:1      | Reached XP level 2. HP: 16/17 MP: 2/2
   235 | D:1      | Reached XP level 3. HP: 19/21 MP: 3/3
   594 | D:2      | Reached skill level 4 in Long Blades
   766 | D:2      | Found a hide-covered altar of Uskayaw.
   788 | D:2      | Became a worshipper of Uskayaw the Reveler
   902 | D:2      | Reached * piety under Uskayaw
   903 | D:2      | Reached XP level 4. HP: 20/26 MP: 4/4
   980 | D:2      | Noticed Sigmund
   986 | D:2      | Reached ** piety under Uskayaw
   987 | D:2      | Killed Sigmund
   987 | D:2      | Reached skill level 5 in Long Blades
   987 | D:2      | Reached XP level 5. HP: 15/30 MP: 1/5
  1244 | D:3      | Reached XP level 6. HP: 34/35 MP: 6/6
  1318 | D:3      | Reached skill level 6 in Long Blades
  1628 | D:3      | Noticed HAL9000's ghost (amateur OgHu)
  1645 | D:3      | Slain by HAL9000's ghost

Vault maps used:
D:1:      mrwooster_arrival_statue
D:2:      eat_drink_and_be_merry_uskayaw, first_bread, uniq_sigmund

Skill      XL: |  1  2  3  4  5  6 |
---------------+-------------------+-----
Long Blades    | 3 4 5 6 |  6.3
Fighting       | |  2.1
Throwing       | |  1.7
Dodging        | |  2.4

Action                   |  1- 3 |  4- 6 || total
-------------------------+-------+-------++-------
Melee: Long sword        |   120 |    81 ||   201
Invok: Stomp             |       |     3 ||     3
  Eat: Chunk             |       |     3 ||     3
Armor: Leather armour    |    62 |    23 ||    85
Dodge: Dodged            |   114 |    56 ||   170
       Rpst.: Long sword |    55 |    18 ||    73
